 Dungeon Crawl Stone Soup version 0.30-a0-297-g0ec75d9ef4 (webtiles) character file.

Game seed: 15075039613266196484

24 MrRokkomies the Sneak (level 2, -1/27 HPs)
             Began as an Armataur Delver on Oct 19, 2022.
             Slain by Robin
             ... wielding a +0 mace
              (4 damage)
             ... on level 2 of the Dungeon.
             The game lasted 00:01:31 (174 turns).

MrRokkomies the Sneak (Armataur Delver)              Turns: 174, Time: 00:01:32

Health: -1/27      AC:  6    Str: 17    XL:     2   Next: 79%
Magic:  2/2        EV:  7    Int: 16    God:
Gold:   15         SH:  0    Dex: 11    Spells: 1/1 levels left

rFire   . . .      SeeInvis .    a - +0 mace
rCold   . . .      Faith    .    (no shield)
rNeg    . . .      Spirit   .    h - +0 scale mail
rPois   .          Reflect  .    (no helmet)
rElec   .          Harm     .    (no cloak)
rCorr   .          Roll     +    (no gloves)
Will    .....                    (no barding)
Stlth   ++........               (no amulet)
HPRegen 0.24/turn                j - +6 ring of intelligence
MPRegen 0.08/turn                (no ring)

@: hasted, very quick
A: large, rugged brown scales 3, deformed body, armoured tail, roll, long
tongue, awkward tongue
a: no special abilities


You were on level 2 of the Dungeon.
You visited 1 branch of the dungeon, and saw 4 of its levels.

You collected 15 gold pieces.

Inventory:

Hand Weapons
 a - a +0 mace (weapon)
Missiles
 i - 6 javelins (quivered)
Armour
 b - a +0 leather armour
 h - a +0 scale mail (worn)
Jewellery
 j - a +6 ring of intelligence (left hand)
Wands
 g - a wand of digging (3)
Scrolls
 c - a scroll of fog
 d - a scroll of magic mapping
 e - a scroll of fear


   Skills:
 * Level 3.0 Fighting
 - Level 2.0 Maces & Flails
 * Level 1.0 Armour
 + Level 1.7 Dodging
 - Level 5.6 Stealth


You had one spell level left.
You didn't know any spells.
Your spell library was empty.

Dungeon Overview and Level Annotations

Branches:
Dungeon (5/15)
 Temple: D:4-7

Altars:

Annotations:
D:2 Robin
D:4 Menkaure


Innate Abilities, Weirdness & Mutations

You are completely covered in rugged brown scales. (AC +3, +7% HP)
Armour fits poorly on your strangely shaped body.
You have a long armoured tail.
You roll when moving toward enemies. (Rampage)
Your long tongue fully drains potion bottles. (2x potion effects)
Your tongue gives you trouble enunciating. (1.5x scroll delay)


Message History

The goblin is heavily wounded.
The goblin hits you with a +0 dagger.
You barely miss the goblin.
The goblin is heavily wounded.
The goblin hits you but does no damage.
You hit the goblin.
You kill the goblin!
Robin throws the goblin at you! The goblin barely misses you.
The goblin hits you with a +0 dagger.
Your Armour skill increases to level 1!
You sock the goblin!
You kill the goblin!
Robin roars a battlecry!
You hit Robin. You tail-slap Robin, but do no damage.
Robin is lightly wounded.
Robin hits you but does no damage.
You barely miss Robin.
Your tail-slap misses Robin.
Robin is lightly wounded.
Robin throws the goblin at you! The goblin hits you but does no damage.
The goblin barely misses you. Robin hits you but does no damage.
You hit Robin. You tail-slap Robin.
Robin is heavily wounded.
Robin hits you with a +0 mace. The goblin barely misses you.
You are too injured to fight recklessly!
You are too injured to fight recklessly!
You are too injured to fight recklessly!
You are too injured to fight recklessly!
You hit Robin.
Your tail-slap misses Robin.
Robin is severely wounded.
Robin barely misses you. The goblin hits you with a +0 dagger.
* * * LOW HITPOINT WARNING * * *
You hit Robin but do no damage. You tail-slap Robin.
Robin is almost dead.
Robin hits you with a +0 mace.
* * * LOW HITPOINT WARNING * * *
The goblin hits you but does no damage. Robin hits you but does no damage.
The goblin completely misses you.
You slurp down every last drop of the potion of haste!
You feel yourself speed up. Robin hits you with a +0 mace.
You die... # #.###.. # #..##.# # # ##.##.# # #.##.##.# ## #.......## .# ####.#...###### .# #............# .####.#.#(..####g# . ......#.#...####@# gg.

..#####.......##g#.....
..# #.......?.g...g.#
..# #........###.##.#
..# ###†..#.......# #.#
#...#..###..# #.#
........# .# #.#
#........# . #.#####..#
#.


You could see Robin, a hobgoblin (strong) and a goblin (strong).

Vanquished Creatures
  An adder (D:3)
  7 goblins (D:2)
  2 hobgoblins (D:2)
  A jackal (D:3)
  2 ball pythons
  A bat (D:3)
14 creatures vanquished.

Notes
Turn   | Place    | Note
-------+----------+-------------------------------------------
     0 | D:5      | MrRokkomies the Armataur Delver began the quest for the
                  | Orb.
     0 | D:5      | Reached XP level 1. HP: 19/19 MP: 1/1
    29 | D:4      | Noticed Menkaure
    46 | D:3      | Reached XP level 2. HP: 25/26 MP: 2/2
   150 | D:2      | Noticed Robin
   167 | D:2      | Reached skill level 1 in Armour
   174 | D:2      | Slain by Robin

Illustrated notes

Levels and vault maps discovered:
D:2:      layout_loops_ring, uniq_robin
D:3:      layout_rooms, dilly_guarded_unrand_morg
D:4:      old_forge, layout_rooms, kennysheep_generic_room_11, uniq_menkaure
D:5:      layout_loops_ring, minmay_crystal_room, uniq_edmund

Skill      XL: |  1  2 |
---------------+-------+-----
Maces & Flails | 2 |  2.0
Fighting       | 3 |  3.0
Armour         | 1 |  1.0
Dodging        | |  1.7
Stealth        | |  5.6

Action                   || total
-------------------------++-------
Melee: Mace              ||    35
       Tailslap          ||     5
  Use: Potion            ||     1
 Stab: Sleeping          ||     1
Armor: Leather armour    ||     4
       Scale mail        ||    15
Dodge: Dodged            ||    19

Table legend: (Time is in decaauts)
 A = Elapsed time spent in this place.
 B = Non-inter-level travel time spent in this place.
 C = Inter-level travel time spent in this place.
 D = Time resting spent in this place.
 E = Time spent auto-exploring this place.
 F = Levels seen in this place.
 G = Mean time per level.
                   A        B        C        D        E       F      G
               +--------+--------+--------+--------+--------+-----+--------+
         Total |    183 |    183 |      0 |      0 |     36 |   4 |   45.8 |
       Dungeon |    183 |    183 |      0 |      0 |     36 |   4 |   45.8 |
               +--------+--------+--------+--------+--------+-----+--------+

Top non-repeatable levels by time:
     D:2: 93 daAuts
     D:3: 57 daAuts
     D:5: 27 daAuts
     D:4: 4 daAuts
